 Dungeon Crawl Stone Soup version 0.18.1-50-g88ac8fd (webtiles) character file.

1409 Kronon the Fighter (level 8, -10/71 HPs)
             Began as a Demonspawn Wanderer on Sept 18, 2016.
             Mangled by a wight
             ... wielding a +3 battleaxe
              (13 damage)
             ... on level 6 of the Dungeon.
             The game lasted 00:13:34 (4816 turns).

Kronon the Fighter (Demonspawn Wanderer)            Turns: 4816, Time: 00:13:35

Health: -10/71     AC:  8    Str: 15    XL:     8   Next: 42%
Magic:  17/17      EV: 11    Int: 12    God:
Gold:   310        SH:  3    Dex: 14    Spells: 1 memorised, 5 levels left

rFire  . . .     SeeInvis .     u - +2 short sword (venom)
rCold  . . .     Gourm    .     a - +0 leather armour
rNeg   . . .     Faith    .     (no shield)
rPois  .         Spirit   .     v - +0 helmet
rElec  .         Dismiss  .     J - +0 cloak (curse)
rCorr  .         Reflect  .     (no gloves)
SustAt .         Harm     .     (no boots)
MR     .....                    o - amulet of rage
Stlth  +.........               K - ring of wizardry
                                p - ring of magical power

@: heavily drained, not resistant to hostile enchantments, very unstealthy
A: hooves 1, large bone plates 2, demonic guardian 1
a: Evoke Berserk Rage


You were on level 6 of the Dungeon.
You were hungry.

You visited 1 branch of the dungeon, and saw 6 of its levels.

You collected 310 gold pieces.

Inventory:

Hand Weapons
 c - a +0 quarterstaff
 u - a +2 short sword of venom (weapon)
Missiles
 b - 4 throwing nets
 m - 7 silver tomahawks (quivered)
Armour
 a - a +0 leather armour (worn)
 v - a +0 helmet (worn)
 J - a cursed +0 cloak (worn)
Jewellery
 o - an amulet of rage (around neck)
 p - a ring of magical power (left hand)
 K - a ring of wizardry (right hand)
Wands
 q - a wand of acid (7/15)
 x - a wand of acid (7/15)
 y - a wand of flame (23/48)
 D - a wand of confusion (29/48)
 F - a wand of paralysis (19/24)
 G - a wand of polymorph (8/24)
Scrolls
 g - 3 scrolls of identify
 h - a scroll of magic mapping
 r - 2 scrolls of random uselessness {unknown}
 s - 2 scrolls of remove curse
 t - a scroll of noise {unknown}
 w - a scroll of blinking {unknown}
 E - a scroll of amnesia
Potions
 e - 2 potions of resistance
 i - a potion of flight
 j - 3 potions of haste
 k - a potion of invisibility
 z - a potion of heal wounds {unknown}
 C - a potion of ambrosia {unknown}
 H - a potion of mutation {unknown}
 I - 2 potions of curing
 M - a potion of brilliance {unknown}
Books
 B - a book of Burglary

   Spells                             Type                      Level
   a - Swiftness                      Charms/Air                   2
   b - Passwall                       Transmutation/Earth          2
   c - Passage of Golubria            Translocation                4
   d - Lee's Rapid Deconstruction     Earth                        5
   e - Darkness                       Hexes                        6
   f - Invisibility                   Hexes                        6
Comestibles
 d - 4 fruits
 f - 4 bread rations
 l - 2 meat rations
 n - a royal jelly
 A - a chunk of flesh
 L - a beef jerky


   Skills:
 - Level 9.5(7.7) Fighting
 - Level 1.0(0.0) Staves
 * Level 2.3(0.9) Armour
 - Level 2.6(1.2) Dodging
 - Level 1.0(0.0) Stealth
   Level 1.0(0.0) Shields
 - Level 2.1(0.7) Charms
 - Level 3.7(2.2) Air Magic


You had 5 spell levels left.
You knew the following spells:

 Your Spells              Type           Power        Failure   Level  Hunger
a - Swiftness             Chrm/Air       #.......     14%         2    ###....


Dungeon Overview and Level Annotations

Branches:
Dungeon (6/15)
 Temple: D:4-7

Altars:
Ashenzari
Cheibriados
Gozag
Okawaru
Qazlal
Sif Muna
Trog
Vehumet

Shops:
D:4 =


Innate Abilities, Weirdness & Mutations

You have large cloven feet.
You are mostly covered in large bone plates (AC +3, SH +3).
A weak demonic guardian rushes to your aid.


Message History

You feel drained.
You hit the wight but do no damage. Your kick misses the wight.
The wight is moderately damaged.
You puncture the wight! You kick the wight, but do no damage.
The wight is severely damaged.
The wight misses you.
You hit the wight but do no damage.
The wight is severely damaged.
The wight hits you with an enchanted battleaxe!
* * * LOW HITPOINT WARNING * * *
You closely miss the wight. Your kick misses the wight.
The wight is severely damaged.
The wight closely misses you.
You barely miss the wight.
The wight is severely damaged.
The wight barely misses you.
You hit the wight but do no damage.
The wight is severely damaged.
The wight hits you with an enchanted battleaxe!
You die...

z...z5...).......##
.........#5.......##
#.......####.#.....#
##.....## #.......#
##...## ###.....#
##+## ##..)## ####.#
##.##
...#.###########z#
#.#.##.......##@#
##....#.#####.##.#
...........##.##.#
##....#.##.......#
#.#.##.......#### #
#.########## #.# #.#
#.#


You could see a wight.

Vanquished Creatures
  Sigmund (D:2)
  Eustachio (D:5)
  Duvessa (D:4)
  A phantom (D:4)
  An ogre (D:5)
  The ghost of Jromary the Skirmisher, an amateur DsAK of Lugonu (D:3)
  2 sky beasts (D:5)
  2 giant frogs
  A scorpion (D:5)
  2 wights (D:6)
  A crimson imp (D:5)
  A hound (D:4)
  An orc priest (D:6)
  A jelly (D:6)
  A centaur skeleton (D:4)
  An iguana (D:5)
  A worker ant (D:5)
  A worker ant zombie (D:6)
  3 gnolls (D:6)
  6 adders
  A shadow imp (D:5)
  An ooze (D:4)
  3 worms
  A dart slug (D:3)
  4 giant geckos
  16 orcs
  A ball python (D:2)
  2 bats
  3 giant cockroaches
  5 goblins
  4 hobgoblins
  4 jackals (D:3)
  5 kobolds
  2 giant newts
  A jackal skeleton (D:4)
  A jackal zombie (D:5)
  4 rats
88 creatures vanquished.

Vanquished Creatures (collateral kills)
  Dowan (D:4)
  An orc priest (D:3)
  A worm (D:2)
  An orc (D:4)
4 creatures vanquished.

Grand Total: 92 creatures vanquished

Notes
Turn   | Place    | Note
--------------------------------------------------------------
     0 | D:1      | Kronon the Demonspawn Wanderer began the quest for the Orb.
     0 | D:1      | Kronon set off with: a +0 leather armour, 3 throwing nets, a +0 quarterstaff, a potion of curing, a bread ration
     0 | D:1      | Reached XP level 1. HP: 19/19 MP: 1/1
   646 | D:2      | Gained mutation: A weak demonic guardian rushes to your aid. [demonic ancestry]
   646 | D:2      | Reached XP level 2. HP: 19/26 MP: 2/2
  1248 | D:2      | Reached skill level 5 in Fighting
  1248 | D:2      | Gained mutation: You are partially covered in large bone plates (AC +2, SH +2). [demonic ancestry]
  1248 | D:2      | Reached XP level 3. HP: 24/33 MP: 3/3
  1344 | D:2      | Noticed Sigmund
  1352 | D:2      | Killed Sigmund
  1352 | D:2      | Reached skill level 6 in Fighting
  1352 | D:2      | Reached XP level 4. HP: 26/41 MP: 4/4
  1352 | D:2      | Gained mutation: You are mostly covered in large bone plates (AC +3, SH +3). [demonic ancestry]
  1352 | D:2      | Reached XP level 5. HP: 30/47 MP: 5/5
  1431 | D:2      | Found a deep blue altar of Sif Muna.
  1762 | D:3      | Found a bloodstained altar of Trog.
  1912 | D:3      | Noticed Jromary's ghost (amateur DsAK)
  1934 | D:3      | Killed Jromary's ghost
  1934 | D:3      | Reached skill level 7 in Fighting
  2156 | D:3      | Gained mutation: You have large cloven feet. [demonic ancestry]
  2156 | D:3      | Reached XP level 6. HP: 55/55 MP: 6/6
  2617 | D:4      | Found Fiugoo's Jewellery Shoppe.
  2713 | D:4      | Noticed Duvessa
  2713 | D:4      | Noticed Dowan
  2724 | D:4      | Killed Dowan
  2727 | D:4      | Killed Duvessa
  2727 | D:4      | Reached skill level 8 in Fighting
  2820 | D:4      | Found a shattered altar of Ashenzari.
  2824 | D:4      | Saw a vision of the Shoals and the Spider Nest.
  2824 | D:4      | Noticed a redback
  2824 | D:4      | Noticed a redback
  2824 | D:4      | Noticed a redback
  2824 | D:4      | Noticed a redback
  2824 | D:4      | Noticed a redback
  2824 | D:4      | Noticed a merfolk
  2824 | D:4      | Noticed a merfolk
  2824 | D:4      | Noticed a siren
  2824 | D:4      | Noticed a sea snake
  2824 | D:4      | Noticed a merfolk
  2825 | D:4      | Noticed a sea snake
  2961 | D:4      | Reached XP level 7. HP: 44/63 MP: 7/7
  3133 | D:4      | Learned a level 2 spell: Swiftness
  3188 | D:5      | Entered Level 5 of the Dungeon
  3211 | D:5      | Found a radiant altar of Vehumet.
  3214 | D:5      | Found an opulent altar of Gozag.
  3215 | D:5      | Found an iron altar of Okawaru.
  3266 | D:5      | Reached skill level 9 in Fighting
  3270 | D:5      | Reached skill level 1 in Air Magic
  3869 | D:5      | Found a snail-covered altar of Cheibriados.
  3905 | D:5      | Noticed Eustachio
  3929 | D:5      | Killed Eustachio
  3929 | D:5      | Reached XP level 8. HP: 69/71 MP: 8/8
  4350 | D:6      | Reached skill level 1 in Charms
  4471 | D:6      | Found a stormy altar of Qazlal.
  4670 | D:6      | Reached skill level 1 in Armour
  4813 | D:6      | HP: 2/71 [wight/enchanted battleaxe (10)]
  4816 | D:6      | Mangled by a wight

Skill      XL: |  1  2  3  4  5  6  7  8 |
---------------+-------------------------+-----
Fighting       | 5 6 7 8 9 |  9.5
Air Magic      | 3 |  3.7
Charms         | 2 |  2.1
Armour         | 2 |  2.3
Staves         | |  1.0
Dodging        | |  2.6
Stealth        | |  1.0
Shields        | |  1.0

Action                   |  1- 3 |  4- 6 |  7- 9 || total
-------------------------+-------+-------+-------++-------
Melee: Quarterstaff      |    81 |    75 |       ||   156
       Short sword       |       |    90 |   173 ||   263
       Kick              |       |    26 |    54 ||    80
Throw: Tomahawk          |     5 |       |       ||     5
 Cast: Swiftness         |       |       |     2 ||     2
Evoke: Wand              |     2 |       |       ||     2
  Use: Scroll            |     4 |     4 |       ||     8
       Potion            |     1 |     1 |       ||     2
 Stab: Invisible         |       |     4 |       ||     4
       Sleeping          |       |     3 |       ||     3
       Distracted        |       |     1 |     1 ||     2
  Eat: Chunk             |     1 |     6 |     6 ||    13
Armor: Leather armour    |    23 |    46 |    40 ||   109
Dodge: Dodged            |    53 |   104 |    92 ||   249
Block: Other             |     1 |    19 |    14 ||    34
